 Dungeon Crawl Stone Soup version 0.31-a0-700-gf13585253f (webtiles) character file.

Game seed: 3566456762775453024

74 qw the Shooter (level 4, -1/28 HPs)
             Began as a Gargoyle Hunter on Sept 7, 2023.
             Slain by a gnoll
             ... wielding a +0 whip
              (3 damage)
             ... on level 2 of the Dungeon.
             The game lasted 00:00:37 (1450 turns).

qw the Shooter (Gargoyle Hunter)                    Turns: 1450, Time: 00:00:37

Health: -1/28      AC:  7    Str: 15    XL:     4   Next: 28%
Magic:  4/4        EV: 11    Int:  9    God:
Gold:   52         SH:  0    Dex: 15    Spells: 3/3 levels left

rFire   . . .        Y - +0 shortbow
rCold   . . .        (shield currently unavailable)
rNeg    + . .        c - +0 leather armour
rPois   inf          (no helmet)
rElec   +            l - +0 cloak
rCorr   .            (no gloves)
SInv    .            (no boots)
Will    .....        (no amulet)
Stlth   ++           (no ring)
HPRegen 0.24/turn    (no ring)
MPRegen 0.09/turn

%: no passive effects
@: no status effects
A: sickness immunity, AC +3, negative energy resistance 1, electricity
resistance, torment resistance 1, petrification resistance
a: no special abilities


You were on level 2 of the Dungeon.
You visited 1 branch of the dungeon, and saw 2 of its levels.

You collected 52 gold pieces.


Innate Abilities, Weirdness & Mutations

You are immune to sickness and miasma.
Your stone body is resilient. (AC +3)
You are immune to poison.
You resist negative energy. (rN+)
You are resistant to electric shocks. (rElec)
You are resistant to unholy torment.
You are immune to petrification.


   Skills:
 - Level 3.0 Fighting
 + Level 5.3 Ranged Weapons
 - Level 1.5 Dodging
 - Level 1.1 Stealth


You had 3 spell levels left.
You didn't know any spells.
Your spell library was empty.

Inventory:

Hand Weapons
 Y - a +0 shortbow (weapon)
Armour
 c - a +0 leather armour (worn)
 l - a +0 cloak (worn)
Scrolls
 a - a scroll of silence {unknown}
Potions
 f - a potion of brilliance {unknown}
 g - a potion of enlightenment {unknown}
 h - a potion of lignification {unknown}
 j - a potion of mutation {unknown}

Dungeon Overview and Level Annotations

Branches:
Dungeon (2/15)

Altars:


Message History

The giant cockroach closely misses you.
The gnoll hits you from afar with a +0 spear.
The giant cockroach closely misses you.
You shoot an arrow. The arrow hits the giant cockroach.
The giant cockroach is severely wounded.
The giant cockroach closely misses you.
Enter note:
Enter note:
1439 |||
Found retreat position at 3,2 (floor) with 0 blocking monsters and 1 monsters attacking at destination at distance 3
1439 ||| Stepping ~*~*~tactically~*~*~ (retreating).
You shoot an arrow. The arrow hits the giant cockroach.
You kill the giant cockroach!
You shoot an arrow. The arrow barely misses the gnoll.
The gnoll misses you.
You shoot an arrow. The arrow hits the gnoll.
The gnoll is heavily wounded.
The gnoll barely misses you.
You shoot an arrow. The arrow barely misses the gnoll.
The gnoll hits you but does no damage. x2
You shoot an arrow. The arrow hits the gnoll.
The gnoll is almost dead.
The gnoll closely misses you. x2; The gnoll hits you with a +0 spear.
The gnoll closely misses you.
You shoot an arrow. The arrow closely misses the gnoll.
The gnoll barely misses you. x2
You shoot an arrow. The arrow barely misses the gnoll.
The gnoll closely misses you. The gnoll hits you but does no damage.
You shoot an arrow. The arrow barely misses the gnoll.
The gnoll hits you with a +0 spear. The gnoll closely misses you.
You shoot an arrow. The arrow hits the gnoll.
The gnoll is almost dead.
The gnoll hits you but does no damage. The gnoll hits you with a +0 flail!
You shoot an arrow. The arrow hits the gnoll.
You kill the gnoll!
The gnoll hits you with a +0 flail! The gnoll barely misses you.
The gnoll hits you but does no damage.
You shoot an arrow.
The arrow hits the gnoll but does no damage.
The gnoll hits you with a +0 whip.
You die...

..# #.# ###### ..# #(#
..# #.# ..# ..# ####
..# #. #.. ...# #.# #.
#.# ##..##### #.# #..
#.# ........ #.# #..
#g## #....... #.#
#....#@#########...####
#.#
#.gg###g......##<..#
#.#
###g.#.####........#
..# # #.#####.#.###..#
### #.......)......# #
#######.#.####.# #
#.#.# #.# # #...#
#.#### # #.### #....>


You could see 2 gnolls.

Vanquished Creatures
  2 gnolls
  A dart slug (D:2)
  2 ball pythons (D:1)
  6 bats
  3 endoplasms
  3 giant cockroaches
  10 hobgoblins
  A jackal (D:1)
  7 kobolds
  2 quokkas (D:1)
  4 frilled lizards
  4 goblins
  4 rats
49 creatures vanquished.

Notes
Turn   | Place    | Note
-------+----------+-------------------------------------------
     0 | D:1      | qw the Gargoyle Hunter began the quest for the Orb.
     0 | D:1      | Reached XP level 1. HP: 12/12 MP: 1/1
     0 | D:1      | 0 ||| qw: Version: 0.3-a-76-g4403597
     0 | D:1      | 0 ||| qw: Game counter: 651
     0 | D:1      | 0 ||| qw: Melee chars always use a shield: true
     0 | D:1      | 0 ||| qw: God list: Okawaru
     0 | D:1      | 0 ||| qw: Allow faded altars: false
     0 | D:1      | 0 ||| qw: Do Orc after clearing Dungeon:15 true
     0 | D:1      | 0 ||| qw: Do second Lair branch before Depths: true
     0 | D:1      | 0 ||| qw: Lair rune preference: random
     0 | D:1      | 0 ||| qw: Goals: Normal
     0 | D:1      | 0 ||| PLANNING D:1-11
    44 | D:1      | Reached XP level 2. HP: 15/17 MP: 2/2
   391 | D:1      | Reached XP level 3. HP: 21/21 MP: 3/3
   423 | D:1      | Reached skill level 5 in Ranged Weapons
   971 | D:1      | 971 ||| UPGRADING to +0 cloak.
   976 | D:1      | 976 ||| READING scroll labelled SOAGIC IMIMARE.
   977 | D:1      | 977 ||| READING scroll labelled PEOXOTT POLONAR.
   980 | D:1      | 980 ||| READING scroll labelled KAKIHO QY ESOE.
   981 | D:1      | 981 ||| READING scroll labelled VOEFAN ISAAP.
   982 | D:1      | 982 ||| DROPPING scroll of butterflies.
  1124 | D:2      | Reached skill level 3 in Fighting
  1240 | D:2      | Reached XP level 4. HP: 28/28 MP: 4/4
  1433 | D:2      | 1433 ||| Stepping ~*~*~tactically~*~*~ (retreating).
  1439 | D:2      | 1439 ||| Stepping ~*~*~tactically~*~*~ (retreating).
  1449 | D:2      | HP: 1/28 [gnoll/+0 flail (9)]
  1450 | D:2      | Slain by a gnoll

Levels and vault maps discovered:
D:1:      dpeg_arrival_brainrot, layout_loops_corners
D:2:      layout_loops_ring

Skill      XL: |  1  2  3 |
---------------+----------+-----
Ranged Weapons | 5 |  5.3
Fighting       | 3 |  3.0
Dodging        | |  1.5
Stealth        | |  1.1

Action                     |  1- 3 |  4- 6 || total
---------------------------+-------+-------++-------
   Fire: Shortbow          |   118 |    41 ||   159
    Use: Scroll            |     4 |       ||     4
 Armour: Leather armour    |    32 |    17 ||    49
  Dodge: Dodged            |    28 |    24 ||    52

Table legend:
 A = Non-vault XP
 B = Vault XP
 C = Vault XP percentage of total XP
 D = Non-vault monster count
 E = Vault monster count
 F = Vault count percentage of total count
                 A         B        C        D         E       F
            +---------+---------+-------+---------+---------+-------
      Total |     104 |       2 |   1.9 |      48 |       1 |   2.0
            +---------+---------+-------+---------+---------+-------
        D:1 |      55 |       2 |   3.5 |      26 |       1 |   3.7
        D:2 |      49 |       0 |   0.0 |      22 |       0 |   0.0
            +---------+---------+-------+---------+---------+-------
